 Dungeon Crawl Stone Soup version 0.29.1-12-g30fa7ad0bf (webtiles) character file.

Game seed: 14981632989619681266

16 soggyman666 the Covered (level 2, 0/19 HPs)
             Began as a Gargoyle Fighter on Dec 12, 2022.
             Slain by a gnoll
             ... wielding a +0 spear
              (4 damage)
             ... on level 1 of the Dungeon.
             The game lasted 00:00:55 (506 turns).

soggyman666 the Covered (Gargoyle Fighter)           Turns: 506, Time: 00:00:55

Health: 0/19       AC: 12    Str: 19    XL:     2   Next: 58%
Magic:  2/2        EV:  7    Int:  8    God:
Gold:   68         SH:  4    Dex:  9    Spells: 1/1 levels left

rFire   . . .      SeeInvis .   e - +0 hand axe
rCold   . . .      Faith    .   c - +0 buckler
rNeg    + . .      Spirit   .   i - +0 chain mail
rPois   ∞          Reflect  .   (no helmet)
rElec   +          Harm     .   (no cloak)
rCorr   .          Rampage  .   (no gloves)
Will    .....                   (no boots)
Stlth   ..........              (no amulet)
HPRegen 0.06/turn               (no ring)
MPRegen 0.08/turn               (no ring)

@: no status effects
A: sickness immunity, AC +2, negative energy resistance 1, electricity
resistance, torment resistance 1, petrification resistance
a: no special abilities


You were on level 1 of the Dungeon.
You visited 1 branch of the dungeon, and saw 1 of its levels.

You collected 68 gold pieces.

Inventory:

Hand Weapons
 a - a +0 flail
 e - a +0 hand axe (weapon)
Armour
 c - a +0 buckler (worn)
 i - a +0 chain mail (worn)
Potions
 b - a potion of curing {unknown}
 d - a potion of might
 f - a potion of resistance


   Skills:
 + Level 3.4 Fighting
 + Level 2.0 Maces & Flails
 + Level 3.8 Armour
 + Level 3.5 Shields


You had one spell level left.
You didn't know any spells.
Your spell library was empty.

Dungeon Overview and Level Annotations

Branches:
Dungeon (1/15)

Altars:


Innate Abilities, Weirdness & Mutations

You are immune to sickness and miasma.
Your stone body is resilient. (AC +2)
You are immune to poison.
You resist negative energy. (rN+)
You are resistant to electric shocks. (rElec)
You are resistant to unholy torment.
You are immune to petrification.


Message History

You barely miss the gnoll. You hit the rat. The gnoll hits you with a +0 spear.
The rat bites you but does no damage.
There are monsters nearby!
You barely miss the rat.
The rat is heavily wounded.
You hit the gnoll. You block the gnoll's attack.
The rat bites you but does no damage.
There are monsters nearby!
You hit the rat.
You kill the rat!
You hit the gnoll. The gnoll hits you but does no damage.
The gnoll hits you with a +0 spear.
A gnoll is nearby!
You barely miss the gnoll.
The gnoll is heavily wounded.
The gnoll hits you with a +0 spear.
A gnoll is nearby!
A gnoll is nearby!
You hit the gnoll.
The gnoll is almost dead.
The gnoll hits you with a +0 spear.
* * * LOW HITPOINT WARNING * * *
A gnoll is nearby!
You are too injured to fight recklessly!
You are too injured to fight recklessly!
You are too injured to fight recklessly!
A gnoll is nearby!
You are too injured to fight recklessly!
A gnoll is nearby!
You are too injured to fight recklessly!
A gnoll is nearby!
You are too injured to fight recklessly!
A gnoll is nearby!
You are too injured to fight recklessly!
A gnoll is nearby!
You are too injured to fight recklessly!
You completely miss the gnoll.
The gnoll is almost dead.
The gnoll hits you with a +0 spear.
You die...

#....#...#
####+####
#....###.###
###### #...#
###.#
#.########
#..##....##+#
#............
##...........
#.##@...$...
#.##g†..###+
#.##....+
#.##....#
..###.### ##
.. ##


You could see a gnoll.

Vanquished Creatures
  2 endoplasms (D:1)
  2 giant cockroaches (D:1)
  A goblin (D:1)
  3 hobgoblins (D:1)
  2 ball pythons (D:1)
  2 bats (D:1)
  A kobold (D:1)
  3 rats (D:1)
16 creatures vanquished.

Notes
Turn   | Place    | Note
-------+----------+-------------------------------------------
     0 | D:1      | soggyman666 the Gargoyle Fighter began the quest for the
                  | Orb.
     0 | D:1      | Reached XP level 1. HP: 14/14 MP: 1/1
   168 | D:1      | Reached XP level 2. HP: 16/19 MP: 2/2
   506 | D:1      | Slain by a gnoll

Illustrated notes

Levels and vault maps discovered:
D:1:      doesnt_arrival_eight_statues, layout_basic, serial_shops, shop

Action                   || total
-------------------------++-------
Melee: Flail             ||    17
       Hand axe          ||    23
  Use: Scroll            ||     2
Armor: Scale mail        ||    14
       Chain mail        ||     6
Dodge: Dodged            ||    19
Block: Buckler           ||    15
